Map: Lerilak Crest

Players

SticklerMac - Winner!

  • Race: Zerg Zerg
  • League: Silver

Brandon

  • Race: Zerg Zerg
  • League: Grandmaster

VOD

Have the link to the VOD?

Description

Time

  • Played on: Sept. 20, 2015, 11:19 a.m.
  • Length: 5:36
Show
View Real Time Build Order
Export as new Build Order

SticklerMac Zerg - Winner!

Build Orders: Pool Only, Zergling Baneling 

Get SALT Encoding   

  12  0:00  Drone  
  13  0:08  Drone  
  14  0:14  Extractor  
  14  0:16  Drone  
  14  0:33  Spawning Pool  
  13  0:39  Drone  
  14  0:48  Overlord  
  14  1:07  Drone x3  
  17  1:20  Metabolic Boost  
  17  1:27  Queen  
  17  1:31  Drone  
  20  1:36  Zergling x2  
  20  1:40  Zergling x2  
  21  1:51  Zergling x2  
  22  2:08  Overlord, Baneling Nest  
  20  2:20  Zergling x2  
  21  2:23  Zergling x2  
  22  2:33  Zergling x2  
  23  2:38  Zergling x2  
  23  2:39  Zergling x6  
  27  2:52  Zergling x2  
  27  2:54  Baneling x6  
  28  3:04  Zergling x2  
  29  3:09  Zergling x2  
  29  3:10  Overlord  
  29  3:11  Overlord  
  29  3:29  Overlord x2  
  29  3:30  Zergling x2  
  30  3:39  Zergling x2  
  30  3:40  Zergling x4  
  33  3:48  Zergling x4  
  35  3:57  Zergling x2  
  35  4:05  Zergling x2  
  36  4:17  Zergling x2  
  37  4:27  Baneling x4  
  37  4:28  Baneling  
  36  4:53  Drone x3  
Show
View Real Time Build Order
Export as new Build Order

Brandon Zerg 

Build Orders: Pool Only 

Get SALT Encoding   

  12  0:20  Spawning Pool  
  11  0:24  Drone, Extractor  
  11  0:30  Drone  
  12  0:44  Overlord  
  12  1:08  Zergling x4  
  12  1:09  Zergling x2  
  15  1:18  Queen  
  15  1:23  Zergling x2  
  18  1:37  Zergling x2  
  19  1:42  Metabolic Boost  
  19  1:47  Zergling x2  
  19  1:54  Zergling x2  
  21  2:08  Zergling x2  
  22  2:13  Overlord  
  22  2:33  Zergling x8  
  22  2:34  Zergling x2  
  27  2:50  Zergling x2  
  27  2:53  Overlord  
  27  3:03  Zergling x6  
  30  3:11  Zergling x4  
  30  3:27  Roach Warren  
  26  3:44  Drone x3  
  27  4:07  Roach  
  29  4:13  Drone x2  
  29  4:14  Extractor  
  24  4:40  Roach x3  
  32  4:57  Roach  
Tags
 
Add a new tag
Caveats
  • Supply blocks, unpowered buildings, or Contaminate may cause inaccurate times.
  • Supply counts are checked every 10 seconds.